Map: [ESL] Blackburn

Players

Rogue - Winner!

  • Race: Zerg Zerg

Cure

  • Race: Terran Terran

Event: IEM Katowice 2022

VOD

https://www.youtube.com/watch?v=paHnPRozwn4

Description

Time

  • Played on: Feb. 24, 2022, 5:29 a.m.
  • Length: 12:55

All games in this series

Show
View Real Time Build Order
Export as new Build Order

Rogue Zerg - Winner!

Build Orders: Hatch First, Lurkers 

Get SALT Encoding   

  12  0:01  Drone  
  13  0:12  Overlord  
  13  0:16  Drone  
  14  0:30  Drone x2  
  16  0:47  Hatchery  
  15  0:51  Drone  
  15  0:54  Drone  
  17  0:57  Drone  
  18  1:08  Extractor  
  17  1:13  Spawning Pool  
  17  1:16  Drone  
  17  1:19  Drone  
  18  1:28  Drone  
  19  1:48  Drone  
  19  1:51  Drone  
  21  2:00  Drone  
  21  2:01  Queen x2  
  22  2:03  Drone  
  27  2:12  Overlord  
  27  2:14  Drone  
  28  2:24  Overlord  
  28  2:32  Drone x3  
  28  2:37  Queen x2  
  31  2:43  Drone  
  31  2:44  Drone  
  37  2:55  Drone, Zergling x2  
  39  3:04  Drone x2  
  41  3:10  Drone x3  
  44  3:12  Overlord  
  44  3:14  Lair  
  44  3:22  Evolution Chamber  
  44  3:23  Drone  
  44  3:25  Overlord  
  44  3:26  Roach Warren  
  43  3:28  Drone  
  43  3:31  Drone x3  
  47  3:39  Extractor  
  47  3:40  Drone, Extractor  
  47  3:41  Drone  
  47  3:45  Drone x5  
  52  3:51  Zerg Ground Armor Level 1  
  52  3:54  Overlord  
  52  3:57  Drone x2  
  54  4:06  Roach x2  
  58  4:13  Overlord  
  58  4:16  Glial Reconstitution  
  58  4:18  Overlord  
  58  4:20  Overseer  
  58  4:21  Roach  
  60  4:26  Overlord  
  60  4:31  Roach x2  
  60  4:32  Roach x2  
  68  4:39  Overlord  
  68  4:45  Hatchery  
  68  4:48  Roach x2  
  68  4:50  Roach  
  68  4:52  Roach  
  75  4:57  Overlord  
  76  5:04  Roach x3  
  81  5:07  Overlord  
  81  5:14  Hatchery, Roach x2  
  82  5:16  Roach  
  86  5:23  Drone, Evolution Chamber  
  86  5:24  Drone x2  
  86  5:25  Extractor  
  86  5:26  Drone  
  88  5:29  Roach  
  88  5:32  Overlord  
  88  5:35  Roach  
  92  5:43  Roach x2  
  92  5:44  Ravager x3  
  92  5:48  Overlord  
  92  5:49  Roach  
  103  5:50  Roach  
  103  5:55  Drone  
  103  5:56  Drone x3  
  107  5:59  Drone  
  107  6:02  Drone  
  108  6:04  Overseer  
  108  6:08  Overlord  
  108  6:09  Drone  
  109  6:13  Zerg Missile Weapons Level 1  
  109  6:17  Drone x3  
  112  6:21  Drone x3  
  112  6:22  Drone  
  116  6:30  Drone  
  116  6:35  Drone  
  116  6:38  Queen x2  
  112  6:40  Roach x2  
  112  6:45  Drone x2  
  118  6:50  Extractor  
  118  6:51  Roach  
  118  6:52  Roach x2, Extractor  
  118  6:53  Roach  
  124  6:56  Overlord  
  119  7:02  Zerg Ground Armor Level 2  
  119  7:04  Infestation Pit  
  119  7:05  Drone x2  
  120  7:09  Zergling x8  
  120  7:14  Overlord  
  124  7:21  Drone  
  124  7:22  Drone x3  
  127  7:23  Zergling x8  
  127  7:28  Overseer  
  129  7:35  Ravager x5  
  129  7:36  Ravager x2  
  136  7:38  Metabolic Boost  
  136  7:41  Hatchery  
  135  7:46  Zergling x2  
  135  7:47  Zergling x8, Ravager  
  135  7:48  Drone  
  135  7:49  Drone  
  135  7:50  Drone  
  144  7:54  Overlord  
  144  7:56  Hydralisk Den  
  143  7:58  Hive  
  143  8:08  Zergling x2  
  143  8:09  Zergling x4  
  143  8:10  Overlord x2  
  146  8:12  Overlord, Extractor  
  146  8:14  Extractor  
  146  8:15  Overlord  
  146  8:16  Overlord  
  144  8:20  Overlord  
  144  8:23  Infestor x2  
  148  8:28  Drone x3, Lurker Den  
  148  8:29  Drone  
  153  8:41  Drone x3  
  153  8:43  Spore Crawler  
  153  8:44  Spore Crawler x2  
  153  8:45  Roach x3  
  154  9:02  Hydralisk x4  
  154  9:03  Hydralisk x2  
  154  9:05  Zergling x4  
  154  9:06  Roach x2  
  154  9:09  Drone  
  170  9:18  Viper x2  
  170  9:22  Zergling x14  
  183  9:24  Drone x3  
  183  9:27  Drone  
  187  9:39  Spore Crawler, Lurker, Adaptive Talons  
  187  9:40  Lurker x3  
  185  9:48  Drone x3  
  187  9:53  Lurker x2  
  187  9:54  Drone x5  
  187  9:55  Drone x3  
  196  10:12  Nydus Network  
  196  10:14  Hydralisk x2  
  187  10:25  Hydralisk x6  
  187  10:27  Overseer  
  189  10:31  Hydralisk x2  
  189  10:33  Drone x4  
  197  10:47  Hatchery  
  194  10:53  Lurker x3  
  194  10:55  Seismic Spines  
  194  10:56  Hydralisk  
  199  11:09  Hatchery  
  199  11:10  Lurker  
  199  11:11  Lurker  
  187  11:14  Zergling x22  
  198  11:24  Hydralisk x4  
  197  11:27  Nydus Canal  
  197  11:28  Overseer, Zergling x2  
  197  11:29  Zergling x8  
  200  11:45  Hydralisk x2, Nydus Canal  
  200  11:46  Hydralisk x4  
  189  11:49  Zergling x18  
  189  11:50  Zergling x2  
  189  11:52  Zergling x2  
  186  11:55  Hydralisk  
  186  11:56  Hydralisk  
  186  11:57  Zergling x2  
  186  11:58  Zergling x6  
  191  12:01  Drone  
  191  12:07  Hydralisk x4  
  193  12:09  Zergling x2  
  193  12:10  Zergling x2  
  193  12:12  Zergling x2  
  187  12:18  Hydralisk  
  187  12:19  Hydralisk x2  
  187  12:20  Hydralisk  
  190  12:24  Hydralisk  
  190  12:25  Hydralisk  
  190  12:29  Lurker x2  
  192  12:30  Drone  
  192  12:35  Drone  
Show
View Real Time Build Order
Export as new Build Order

Cure Terran 

Build Orders:  

Get SALT Encoding   

  12  0:00  SCV  
  13  0:12  SCV  
  14  0:17  Supply Depot  
  14  0:24  SCV  
  15  0:32  Refinery  
  15  0:39  SCV  
  16  0:43  Barracks  
  16  0:51  SCV  
  17  1:03  SCV  
  18  1:15  SCV  
  19  1:30  Orbital Command  
  19  1:37  Command Center  
  19  1:39  Marine  
  20  1:50  Factory  
  20  1:55  SCV  
  20  1:58  Barracks Reactor  
  21  2:07  SCV  
  22  2:12  Supply Depot  
  22  2:20  SCV  
  23  2:33  SCV  
  23  2:35  Starport, Hellion, Marine x2  
  28  2:45  SCV  
  28  2:48  Orbital Command  
  29  2:53  Marine x2  
  29  2:57  Hellion  
  29  2:58  SCV  
  34  3:01  Supply Depot  
  34  3:10  SCV  
  34  3:11  Marine x2  
  34  3:12  Medivac  
  39  3:15  SCV  
  39  3:19  Hellion  
  42  3:22  SCV  
  43  3:27  SCV  
  43  3:28  Supply Depot, Marine  
  43  3:29  Marine  
  46  3:36  SCV  
  46  3:39  SCV  
  48  3:50  SCV  
  48  3:51  SCV  
  48  3:53  Barracks Tech Lab  
  48  3:54  Command Center  
  50  4:04  SCV x2  
  50  4:06  Barracks  
  50  4:07  Factory Reactor  
  52  4:10  Barracks  
  52  4:13  Supply Depot  
  52  4:16  SCV  
  52  4:17  Refinery x2  
  53  4:18  SCV  
  53  4:21  Marine  
  53  4:23  Refinery  
  55  4:26  Stimpack  
  55  4:29  Starport Reactor  
  55  4:30  SCV x2  
  57  4:35  Supply Depot  
  57  4:42  SCV x2, Marine  
  60  4:52  Engineering Bay  
  60  4:53  Engineering Bay  
  60  4:55  SCV x2  
  60  4:56  Marine  
  60  4:57  Marine  
  64  5:04  Factory Reactor, Marine  
  64  5:05  Factory Tech Lab, Marine, Marauder  
  64  5:06  Orbital Command  
  68  5:11  Bunker  
  68  5:17  Medivac x2  
  68  5:21  Terran Infantry Weapons Level 1  
  72  5:26  Terran Infantry Armor Level 1  
  72  5:28  SCV x2  
  74  5:32  Marine x3, Marauder  
  79  5:37  Orbital Command  
  79  5:45  SCV x2  
  79  5:46  Supply Depot  
  79  5:49  Marine  
  85  5:50  Marine x3  
  85  5:54  Missile Turret  
  88  5:57  SCV x2  
  88  6:03  SCV  
  91  6:04  Siege Tank  
  91  6:07  Supply Depot  
  91  6:08  Combat Shield  
  91  6:10  Marine x4, Marauder  
  97  6:12  Medivac  
  97  6:18  Supply Depot x2  
  99  6:20  Medivac  
  101  6:29  SCV x3, Marine x2  
  102  6:41  SCV x2, Siege Tank, Marine x2, Marauder  
  102  6:46  SCV  
  102  6:47  Marine x2  
  112  6:53  SCV x2  
  116  6:56  Barracks  
  116  6:57  Barracks  
  116  6:59  Medivac x2  
  117  7:01  SCV  
  117  7:05  SCV x2, Marine x3  
  117  7:06  Marauder  
  125  7:10  Supply Depot  
  125  7:14  Supply Depot  
  125  7:17  Supply Depot  
  125  7:24  SCV  
  125  7:27  Concussive Shells  
  125  7:32  SCV, Marauder, Marine x2, Siege Tank  
  125  7:34  Supply Depot  
  125  7:35  SCV, Marine x2  
  125  7:36  SCV  
  137  7:37  Armory  
  137  7:39  Supply Depot  
  137  7:44  SCV  
  137  7:47  SCV  
  137  7:49  Marine  
  137  7:50  Marine  
  140  7:52  SCV  
  140  7:53  Marine x2  
  140  7:54  Marauder  
  140  7:56  SCV  
  140  7:57  Medivac x2  
  140  7:58  Barracks Tech Lab x2  
  150  7:59  Supply Depot, SCV  
  150  8:01  Supply Depot  
  149  8:07  Marine  
  149  8:08  Marine  
  149  8:09  Siege Tank  
  149  8:10  Marine x2  
  156  8:15  Refinery, Marauder  
  156  8:16  Refinery  
  158  8:25  Marine, Terran Infantry Weapons Level 2  
  159  8:27  Medivac  
  160  8:34  Marine x3, Marauder  
  160  8:35  Marauder  
  160  8:36  Marauder  
  160  8:37  Medivac  
  160  8:40  Supply Depot  
  171  8:41  Supply Depot  
  171  8:43  Marine  
  171  8:44  Siege Tank  
  175  8:51  Command Center  
  175  8:52  Marine x2  
  175  8:54  Marine  
  159  8:56  Marauder x2  
  159  8:59  SCV x3  
  159  9:01  Terran Infantry Armor Level 2  
  166  9:04  Terran Vehicle Weapons Level 1  
  164  9:10  Marine x2  
  164  9:11  Marine, Marauder  
  164  9:15  Factory  
  169  9:17  Marauder  
  169  9:23  Medivac  
  173  9:28  Barracks  
  173  9:29  Barracks, Marauder  
  173  9:30  Barracks  
  175  9:34  Siege Tank  
  175  9:35  Marine, Marauder  
  176  9:40  Marine, Marauder  
  179  9:49  Medivac  
  179  9:50  Marauder  
  183  9:54  Marine x2  
  183  9:57  Marauder  
  187  10:00  Factory Tech Lab  
  187  10:02  Marauder  
  187  10:03  SCV x3  
  192  10:15  Marine x4, Marauder  
  192  10:18  Marauder  
  173  10:28  Planetary Fortress  
  173  10:30  Marauder  
  173  10:31  Siege Tank  
  173  10:32  Barracks Tech Lab  
  173  10:33  Barracks Reactor, Barracks Tech Lab, Marine x4  
  173  10:34  Medivac, Siege Tank  
  187  10:36  Marauder  
  189  10:45  Marauder  
  191  10:50  Marine x2  
  191  10:52  Marauder x2, Marine x3  
  191  11:13  Marine x2  
  191  11:14  Marauder x4, Marine x2  
  191  11:18  Ghost Academy  
  199  11:19  SCV, Refinery x2  
  186  11:26  Command Center  
  186  11:28  Marine x2, Marauder  
  186  11:31  Marine x2  
  186  11:32  Medivac x2  
  188  11:35  Marauder x2  
  188  11:38  Siege Tank  
  195  11:42  Marine x2  
  195  11:43  Marine  
  195  11:46  Marine x2  
  192  11:49  Marine x2  
  192  11:50  Marauder  
  192  11:52  Siege Tank  
  199  12:00  Marine  
  172  12:16  Marine  
  172  12:22  Marine  
  172  12:23  Marine x2, Marauder  
  172  12:29  Marine  
  136  12:37  SCV x2  

Tags
 
Add a new tag
Caveats
  • Supply blocks, unpowered buildings, or Contaminate may cause inaccurate times.
  • Supply counts are checked every 10 seconds.